 Dungeon Crawl Stone Soup version 0.27-a0-650-g8dd3ea4f36 (webtiles) character file.

Game seed: 4738626810150104614

977 Grognak the Spear-Bearer (level 7, -8/62 HPs)
             Began as a Minotaur Chaos Knight on Mar 16, 2021.
             Was a Plaything of Xom.
             Mangled by an orc warrior
             ... wielding a +0 dire flail
              (14 damage)
             ... on level 6 of the Dungeon.
             The game lasted 00:07:26 (4181 turns).

Grognak the Spear-Bearer (Minotaur Chaos Knight)    Turns: 4181, Time: 00:07:26

Health: -8/62      AC: 15    Str: 16 (17) XL:     7   Next: 95%
Magic:  6/6        EV:  6    Int: 10 (11) God:    Xom [*.....]
Gold:   326        SH:  0    Dex: 11      Spells: 6/6 levels left

rFire    . . .     SeeInvis .   a - +0 spear (chaos)
rCold    . . .     Faith    .   (no shield)
rNeg     + . .     Spirit   .   c - +0 plate armour
rPois    +         Reflect  .   (helmet unavailable)
rElec    .         Harm     .   (no cloak)
rCorr    .         Rampage  .   o - +0 pair of gloves
Will     .....                  k - +0 pair of boots
Stlth    ..........             (no amulet)
HPRegen  0.20/turn              g - ring of positive energy
MPRegen  0.10/turn              (no ring)

@: especially stealthy
A: horns 3, retaliatory headbutt, clever 1, deterioration 1, poison resistance
a: Renounce Religion


You were on level 6 of the Dungeon.
You worshipped Xom.
You were a special plaything of Xom.
You visited 1 branch of the dungeon, and saw 6 of its levels.

You collected 326 gold pieces.

Inventory:

Hand Weapons
 a - a +0 spear of chaos (weapon)
Armour
 c - a +0 plate armour (worn)
 k - a +0 pair of boots (worn)
 o - a +0 pair of gloves (worn)
Magical Staves
 b - a staff of fire
Jewellery
 g - a ring of positive energy (right hand)
 n - a ring of magical power
Wands
 i - a wand of iceblast (7)
Scrolls
 e - 4 scrolls of identify
 h - 2 scrolls of noise
Potions
 f - a potion of ambrosia
 l - a potion of lignification {unknown}
 m - a potion of curing {unknown}


   Skills:
 * Level 5.7 Fighting
 * Level 8.1 Polearms
 * Level 5.8 Armour
 * Level 3.6 Dodging
 + Level 1.1 Stealth


You had 6 spell levels left.
You didn't know any spells.
Your spell library was empty.

Dungeon Overview and Level Annotations

Branches:
Dungeon (6/15)
 Temple: D:4-7

Altars:
Okawaru
Xom

Annotations:
D:5 2 transporters, tinescath's ghost, novice OpBr


Innate Abilities, Weirdness & Mutations

You have a pair of large horns on your head.
You reflexively headbutt those who attack you in melee.
Your mind is acute. (Int +2)
Your body sometimes deteriorates upon taking damage.
Your system is resistant to poisons. (rPois)


Message History

You headbutt the orc warrior, but do no damage.
The orc warrior is moderately wounded.
Something hits you but does no damage.
The orc warrior hits you with a +0 dire flail.
The adder skeleton closely misses you.
You hit the orc warrior but do no damage.
The orc warrior is moderately wounded.
The orc warrior completely misses you. You furiously retaliate!
You headbutt the orc warrior.
An orc comes into view. It is wielding a +0 rapier.
Something hits you but does no damage. x2
You closely miss the orc warrior.
You headbutt the orc warrior, but do no damage.
The orc warrior is heavily wounded.
The orc warrior hits you with a +0 dire flail!
* * * LOW HITPOINT WARNING * * *
The adder skeleton bites you but does no damage.
Something hits you.
* * * LOW HITPOINT WARNING * * *
Something hits you but does no damage.
You feel much better.
The orc warrior hits you with a +0 dire flail.
Something hits you but does no damage.
The adder skeleton bites you but does no damage.
Something hits you.
The orc warrior hits you with a +0 dire flail.
The orc hits you. Something completely misses you.
Something hits you but does no damage. Something hits you.
The adder skeleton bites you but does no damage.
The orc warrior hits you with a +0 dire flail!
* * * LOW HITPOINT WARNING * * *
Your body deteriorates!
You feel dopey. Something hits you but does no damage.
The adder skeleton closely misses you. The orc warrior barely misses you.
Something hits you but does no damage.
The orc warrior hits you with a +0 dire flail!
You die...
Xom roars with laughter!

##..!....# 8
..#...#.# ..#
#.....#.##
...#####........#
............=..##
... #..o.......(..
....##.).o.........
8........Z.o.......
....##.....@.......
($. #....o......##
# #.....<.....#
#.............
................
###.####........ #.
#.#....## #.
#.#....# #.#.####


You could see 2 orc warriors, 2 orcs and an adder skeleton.

Vanquished Creatures
  Grinder (D:5)
  An ogre (D:4)
  2 phantoms
  Blork the orc (D:4)
  A crimson imp (D:5)
  2 orc priests
  A centaur skeleton (D:5)
  A bullfrog skeleton (D:4)
  2 orc wizards
  A worker ant (D:3)
  4 gnolls (D:4)
  A howler monkey skeleton (D:5)
  10 adders
  An ufetubus (D:6)
  2 oozes
  3 worms
  A dart slug (D:2)
  2 leopard geckos
  8 orcs
  5 ball pythons
  12 bats
  4 giant cockroaches
  16 goblins
  13 hobgoblins
  10 jackals
  7 kobolds
  3 frilled lizards
  A quokka zombie (D:4)
  9 rats
125 creatures vanquished.

Vanquished Creatures (collateral kills)
  An orc (D:3)
  A bat (D:2)
  A frilled lizard (D:2)
3 creatures vanquished.

Grand Total: 128 creatures vanquished

Notes
Turn   | Place    | Note
-------+----------+-------------------------------------------
     0 | D:1      | Grognak the Minotaur Chaos Knight began the quest for the
                  | Orb.
     0 | D:1      | Reached XP level 1. HP: 19/19 MP: 0/0
   110 | D:1      | XOM: silly message
   185 | D:1      | Reached XP level 2. HP: 27/27 MP: 1/1
   188 | D:1      | Reached skill level 4 in Polearms
   224 | D:1      | XOM: divination: detect creatures
   564 | D:1      | Reached XP level 3. HP: 29/33 MP: 2/2
   975 | D:2      | Reached XP level 4. HP: 40/41 MP: 3/3
  1052 | D:2      | Reached skill level 5 in Polearms
  1369 | D:3      | XOM: give mutations
  1369 | D:3      | Gained mutation: Your system is resistant to poisons.
                  | (rPois) [Xom's grace]
  1369 | D:3      | Gained mutation: You have a pair of large horns on your
                  | head. [Xom's grace]
  1369 | D:3      | Gained mutation: You evolve. [Xom's grace]
  1369 | D:3      | Gained mutation: Your mind is acute. (Int +2) [Xom's grace]
  1383 | D:3      | XOM: 4-stop teleportation journey
  1495 | D:3      | Reached XP level 5. HP: 47/47 MP: 4/4
  1935 | D:3      | XOM: enchant monster (good)
  2195 | D:3      | XOM: scenery: create altars
  2220 | D:4      | Noticed an ogre
  2227 | D:4      | Killed an ogre
  2228 | D:4      | Reached skill level 5 in Fighting
  2228 | D:4      | Reached skill level 6 in Polearms
  2228 | D:4      | Reached XP level 6. HP: 56/56 MP: 5/5
  2582 | D:4      | XOM: cloud trail
  2594 | D:4      | Noticed Blork the orc
  2617 | D:4      | Killed Blork the orc
  2782 | D:4      | Gained mutation: You are partially covered in slimy green
                  | scales. (AC +2) [evolution]
  2941 | D:4      | XOM: give mutations
  2941 | D:4      | Lost mutation: You evolve. [Xom's mischief]
  2941 | D:4      | Gained mutation: Your body sometimes deteriorates upon
                  | taking damage. [Xom's mischief]
  2941 | D:4      | Lost mutation: You are partially covered in slimy green
                  | scales. (AC +2) [Xom's mischief]
  3119 | D:4      | Reached XP level 7. HP: 61/61 MP: 6/6
  3265 | D:4      | Reached skill level 7 in Polearms
  3322 | D:5      | Entered Level 5 of the Dungeon
  3452 | D:5      | Noticed a wyvern
  3461 | D:5      | Reached skill level 5 in Armour
  3466 | D:5      | Found a transporter.
  3474 | D:5      | Found a transporter.
  3497 | D:5      | Noticed tinescath's ghost (novice OpBr)
  3558 | D:5      | XOM: fog
  3559 | D:5      | XOM: fake destruction
  3805 | D:5      | Noticed Grinder
  3805 | D:5      | Paralysed by Grinder for 3 turns
  3814 | D:5      | XOM: confuse monster(s)
  3827 | D:5      | Killed Grinder
  3828 | D:5      | Reached skill level 1 in Stealth
  3925 | D:5      | Found an iron altar of Okawaru.
  3933 | D:5      | Reached skill level 8 in Polearms
  4155 | D:6      | XOM: stealth player
  4181 | D:6      | Mangled by an orc warrior

Illustrated notes

Levels and vault maps discovered:
D:1:      amcnicky_arrival_gap_in_the_tavern_cellar, layout_basic, minivault_19
D:2:      minmay_angry_zag, layout_rooms
D:3:      layout_basic, minmay_statues_item, st_stairs_10
D:4:      layout_basic, uniq_blork_the_orc
D:5:      layout_cave_pods, gammafunk_ghost_arena, okawaru_metal_pillars_1_2,
          uniq_grinder
D:6:      layout_loops_ring, nicolae_qazlal_scattered_showers, st_stairs_1,
          nicolae_ru_sacrificial_ziggurat

Skill      XL: |  1  2  3  4  5  6  7 |
---------------+----------------------+-----
Polearms       | 4 5 6 8 |  8.1
Fighting       | 4 5 |  5.7
Armour         | 3 4 5 |  5.8
Dodging        | 2 3 |  3.6
Stealth        | 1 |  1.1

Action                   |  1- 3 |  4- 6 |  7- 9 || total
-------------------------+-------+-------+-------++-------
Melee: Spear             |   110 |   216 |    96 ||   422
       Headbutt          |     9 |    32 |    16 ||    57
  Use: Potion            |       |     3 |     2 ||     5
       Scroll            |       |     3 |     1 ||     4
 Stab: Paralysed         |       |     1 |     1 ||     2
       Petrified         |       |     2 |       ||     2
       Confused          |       |     1 |     2 ||     3
Armor: Plate armour      |    53 |   107 |    55 ||   215
Dodge: Dodged            |    20 |    41 |    16 ||    77

Table legend: (Time is in decaauts)
 A = Elapsed time spent in this place.
 B = Non-inter-level travel time spent in this place.
 C = Inter-level travel time spent in this place.
 D = Time resting spent in this place.
 E = Time spent auto-exploring this place.
 F = Levels seen in this place.
 G = Mean time per level.
                   A        B        C        D        E       F      G
               +--------+--------+--------+--------+--------+-----+--------+
         Total |   4081 |   4039 |     42 |      0 |   3258 |   6 |  680.2 |
       Dungeon |   4081 |   4039 |     42 |      0 |   3258 |   6 |  680.2 |
               +--------+--------+--------+--------+--------+-----+--------+

Top non-repeatable levels by time:
     D:4: 1076 daAuts
     D:3: 880 daAuts
     D:1: 828 daAuts
     D:5: 816 daAuts
     D:2: 457 daAuts
     D:6: 21 daAuts
